 Dungeon Crawl Stone Soup version 0.32-a0-520-g344ed53f66 (webtiles) character file.

Game seed: 10694382641914745855

1583 Newt the Skirmisher (level 8, -1/68 HPs)
             Began as a Barachi Hunter on Feb 27, 2024.
             Was an Initiate of Hepliaklqana.
             Killed from afar by a white imp (7 damage)
             ... with a puff of frost
             ... on level 7 of the Dungeon.
             The game lasted 00:06:13 (5414 turns).

Newt the Skirmisher (Barachi Hunter)                Turns: 5414, Time: 00:06:13

Health: -1/68      AC:  7    Str: 13    XL:     8   Next: 92%
Magic:  4/8        EV: 22    Int:  9    God:    Hepliaklqana [......]
Gold:   309        SH:  5    Dex: 18    Spells: 7/7 levels left

rFire   + + .        a - +1 shortbow (heavy)
rCold   . . .        (shield currently unavailable)
rNeg    . . .        q - +1 leather armour "Leaca" {-Cast +Inv rF++}
rPois   .            v - +2 helmet
rElec   .            (no cloak)
rCorr   .            (no gloves)
SInv    .            (no boots)
Will    .....        k - amulet of reflection
Stlth   ++           x - +5 ring of evasion
HPRegen 0.31/turn    A - +5 ring of evasion
MPRegen 0.11/turn

%: no spellcasting, reflection
@: slow
A: amphibious, slowness 1, strong legs 1, +LOS
a: Hop, Renounce Religion, Evoke Invisibility


You were on level 7 of the Dungeon.
You worshipped Hepliaklqana.
Hepliaklqana was noncommittal.
You visited 2 branches of the dungeon, and saw 8 of its levels.

You collected 309 gold pieces.

Inventory:

Hand Weapons
 a - a +1 heavy shortbow (weapon)
Armour
 c - a +0 leather armour
 o - a +0 helmet
 q - the +1 leather armour "Leaca" (worn) {-Cast +Inv rF++}
   (You found it on level 2 of the Dungeon)

   rF++:      It greatly protects you from fire.
   +Inv:      It lets you turn invisible.
   -Cast:     It prevents spellcasting.
 v - a +2 helmet (worn)
Jewellery
 f - a ring of resist corrosion
 g - an amulet of magic regeneration
 h - a ring of protection from fire
 k - an amulet of reflection (around neck)
 n - an amulet of regeneration
 x - a +5 ring of evasion (left hand)
 A - a +5 ring of evasion (right hand)
Wands
 D - a wand of charming (9)
Scrolls
 b - a scroll of butterflies
 d - 3 scrolls of teleportation
 j - a scroll of vulnerability
 p - a scroll of poison
 r - a scroll of blinking {unknown}
 s - a scroll of noise {unknown}
 t - 4 scrolls of immolation
 w - a scroll of enchant armour {unknown}
 C - a scroll of fear {unknown}
Potions
 i - a potion of enlightenment
 u - a potion of brilliance {unknown}
 z - a potion of resistance {unknown}


   Skills:
 + Level 7.9 Fighting
 * Level 9.8 Ranged Weapons
 - Level 2.1 Dodging
 - Level 0.8 Stealth


You had 7 spell levels left.
You didn't know any spells.
Your spell library contained the following spells:

 Spells                   Type           Power      Damage    Failure   Level
 Sandblast                Erth           0%         2d4       45%         1
 Summon Small Mammal      Summ           0%         N/A       45%         1
 Ensorcelled Hibernation  Hex/Ice        0%         N/A       61%         2
 Call Canine Familiar     Summ           0%         N/A       83%         3
 Passwall                 Erth           0%         N/A       83%         3
 Stone Arrow              Conj/Erth      0%         3d7       83%         3
 Summon Ice Beast         Ice/Summ       0%         N/A       83%         3
 Swiftness                Air            0%         N/A       83%         3
 Brom's Barrelling Bould  Conj/Erth      0%         2d3       99%         4
 Summon Blazeheart Golem  Fire/Summ      0%         N/A       99%         4
 Summon Mana Viper        Hex/Summ       0%         N/A       100%        5
 Haunt                    Necr/Summ      0%         N/A       100%        7
 Monstrous Menagerie      Summ           0%         N/A       100%        7
 Borgnjor's Revivificati  Necr           0%         N/A       100%        8
 Death's Door             Necr           0%         N/A       100%        9


Dungeon Overview and Level Annotations

Branches:
Dungeon (7/15)             Temple (1/1) D:6

Altars:
Ashenzari
Cheibriados
Dithmenos
Elyvilon
Fedhas
Hepliaklqana
Kikubaaqudgha
Makhleb
Nemelex Xobeh
Okawaru
Qazlal
Ru
Sif Muna
Trog
Uskayaw
Xom
Yredelemnul
Zin

Shops:
D:5 =

Annotations:
D:3 1 runed translucent door, TheLasagnaBaron's ghost, amateur TrBe


Innate Abilities, Weirdness & Mutations

You are amphibious.
You cover ground slowly.
You can hop short distances.
You have an extended range of vision and can be seen from far away.


Message History

An iceblast appears from out of thin air!
The mass of ice explodes!
The iceblast engulfs you.
You hear a shout!
You shoot an arrow.
A stone appears from out of thin air!
The stone hits you.
A stone appears from out of thin air!
The stone closely misses you.
You shoot an arrow. You shoot an arrow.
A stone appears from out of thin air!
The stone hits you.
You shoot an arrow.
Something drops a +0 short sword.
Something picks up a +0 hand axe.
You shoot an arrow.
Something drops a +0 cloak.
Something picks up a +0 leather armour.
A stone appears from out of thin air!
The stone completely misses you.
You shoot an arrow.
You hear a zap.
An iceblast appears from out of thin air!
The mass of ice explodes!
The iceblast engulfs you!
Something shouts, "Despond, thou simpering toenail-biting whip-jack!"
You shoot an arrow. You shoot an arrow.
Something picks up some gold.
Something hits you.
* * * LOW HITPOINT WARNING * * *
Something steals your ring of wizardry! Something barely misses you.
You shoot an arrow.
You hear a zap.
An iceblast appears from out of thin air!
The mass of ice explodes!
The iceblast engulfs you!
* * * LOW HITPOINT WARNING * * *
The iceblast engulfs something.
You shoot an arrow. Something misses you. Something bites you!
* * * LOW HITPOINT WARNING * * *
You feel your power leaking away. Something drains your magic.
Something barely misses you. You block something's attack.
A white imp comes into view.
You shoot an arrow.
Reactivating autopickup.
You feel a bit more experienced. The white imp gestures at you.
The puff of frost hits you!
You die...
Hepliaklqana delivers you to your ancestors.

### #.. #.#
#.#
##.######..
#.@....5...
#)$######..
#)[# #..#
#..# #..#
#..# #..#
#..#


You could see a white imp.

Vanquished Creatures
  Maurice (D:7)
  An orc warrior (D:6)
  A black bear (D:5)
  An ice beast (D:6)
  A gnoll sergeant (D:5)
  A scorpion (D:5)
  3 wights
  A jelly (D:6)
  An orc priest (D:5)
  3 bombardier beetles
  3 hounds
  A sleepcap (D:6)
  3 iguanas
  3 orc wizards
  Robin (D:3)
  6 adders
  2 shadow imps
  2 ufetubi (D:5)
  5 dart slugs
  3 ribbon worms
  28 orcs
  8 ball pythons
  5 endoplasms
  5 giant cockroaches
  14 goblins
  11 hobgoblins
  4 jackals (D:3)
  7 kobolds
  5 quokkas
  5 bats
  6 rats
141 creatures vanquished.

Notes
Turn   | Place    | Note
-------+----------+-------------------------------------------
     0 | D:1      | Newt the Barachi Hunter began the quest for the Orb.
     0 | D:1      | Reached XP level 1. HP: 17/17 MP: 1/1
    72 | D:1      | Reached XP level 2. HP: 20/23 MP: 2/2
   579 | D:2      | Reached XP level 3. HP: 29/29 MP: 3/3
   784 | D:2      | Identified the +1 leather armour "Leaca" {-Cast +Inv rF++}
   867 | D:2      | Reached skill level 5 in Ranged Weapons
   998 | D:2      | Reached XP level 4. HP: 35/35 MP: 4/4
  1418 | D:3      | Found a runed translucent door.
  1427 | D:3      | Noticed TheLasagnaBaron's ghost (amateur TrBe)
  1532 | D:3      | Reached XP level 5. HP: 29/42 MP: 5/5
  1535 | D:3      | Noticed Robin
  1571 | D:3      | Killed Robin
  1962 | D:3      | Found a bloodstained altar of Trog.
  1969 | D:3      | Found a sacrificial altar of Ru.
  2326 | D:4      | Reached skill level 6 in Ranged Weapons
  2334 | D:4      | HP: 1/43 [iguana (10)]
  2341 | D:4      | Reached XP level 6. HP: 11/49 MP: 6/6
  2657 | D:4      | Found a hide-covered altar of Uskayaw.
  3125 | D:5      | Entered Level 5 of the Dungeon
  3137 | D:5      | Noticed a black bear
  3139 | D:5      | Reached skill level 5 in Fighting
  3170 | D:5      | Killed a black bear
  3171 | D:5      | Reached skill level 7 in Ranged Weapons
  3171 | D:5      | Reached XP level 7. HP: 54/56 MP: 7/7
  3885 | D:5      | Found Loasonua's Jewellery Emporium.
  4130 | D:5      | Found a broken altar of Ashenzari.
  4538 | D:5      | Reached skill level 8 in Ranged Weapons
  4710 | D:6      | Reached XP level 8. HP: 44/65 MP: 8/8
  4883 | D:6      | Found a staircase to the Ecumenical Temple.
  4891 | Temple   | Entered the Ecumenical Temple
  4901 | Temple   | Became a worshipper of Hepliaklqana the Forgotten
  5218 | D:6      | Reached skill level 9 in Ranged Weapons
  5388 | D:7      | Noticed Maurice
  5410 | D:7      | Something stole a ring of wizardry
  5413 | D:7      | Killed Maurice
  5414 | D:7      | Killed from afar by a white imp

Illustrated notes

Levels and vault maps discovered:
D:1:      minmay_arrival_hallway, layout_basic
D:2:      layout_rooms
D:3:      layout_basic, amethyst_overflow_temple_binary, ebering_ghost_sewer_d,
          dk_vineyard_1, hangedman_glass_teeth, minmay_ruptured, uniq_robin
D:4:      layout_loops_ring, nicolae_uskayaw_murder_on_the_dancefloor
D:5:      layout_layer_cave, ashenzari_altar_1, serial_shops, shop,
          chequers_serial_rivers_large_b, st_stairs_3
D:6:      layout_rooms, minmay_temple_entry_ruins, lightli_minifort
D:7:      layout_loops_ring, mainiacjoe_overflow_surrounded_room,
          mainiacjoe_ossuary_entry_find_the_door, uniq_maurice
Temple:   nicolae_temple_great_sept

Skill      XL: |  1  2  3  4  5  6  7  8 |
---------------+-------------------------+-----
Fighting       | 3 4 5 6 7 |  7.9
Ranged Weapons | 5 6 7 8 9 |  9.8
Dodging        | |  2.1
Stealth        | |  0.8

Action                     |  1- 3 |  4- 6 |  7- 9 || total
---------------------------+-------+-------+-------++-------
   Fire: Shortbow          |   134 |   283 |   232 ||   649
Ability: Hop               |     1 |       |       ||     1
    Use: Scroll            |     1 |     2 |     5 ||     8
         Potion            |       |     2 |     1 ||     3
 Armour: Leather armour    |    29 |   101 |    44 ||   174
  Dodge: Dodged            |    48 |   135 |   109 ||   292
         Repelled          |     1 |     4 |     1 ||     6
  Block: Other             |     5 |    42 |    28 ||    75
         Reflection        |     1 |     2 |       ||     3

Table legend: (Time is in decaauts)
 A = Elapsed time spent in this place.
 B = Non-inter-level travel time spent in this place.
 C = Inter-level travel time spent in this place.
 D = Time resting spent in this place.
 E = Time spent auto-exploring this place.
 F = Levels seen in this place.
 G = Mean time per level.
                   A        B        C        D        E       F      G
               +--------+--------+--------+--------+--------+-----+--------+
         Total |   6152 |   5988 |    164 |   1038 |   3892 |   8 |  769.0 |
       Dungeon |   6128 |   5988 |    140 |   1038 |   3892 |   7 |  875.4 |
        Temple |     24 |      1 |     23 |      0 |      0 |   1 |   24.0 |
               +--------+--------+--------+--------+--------+-----+--------+

Top non-repeatable levels by time:
     D:5: 1728 daAuts
     D:3: 1380 daAuts
     D:4: 974 daAuts
     D:6: 751 daAuts
     D:1: 666 daAuts
     D:2: 580 daAuts
     D:7: 47 daAuts
  Temple: 24 daAuts
